 Dungeon Crawl Stone Soup version 0.20-a0-277-g7db01f4 (webtiles) character file.

4096 JeffiDaFish the Basher (level 10, -13/63 HPs)
             Began as a Gargoyle Fighter on Dec 14, 2016.
             Was a Priest of Makhleb.
             Mangled by a stone giant (26 damage)
             ... on level 12 of the Dungeon.
             The game lasted 00:27:18 (8241 turns).

JeffiDaFish the Basher (Gargoyle Fighter)           Turns: 8241, Time: 00:27:19

Health: -13/63     AC: 24    Str: 21    XL:     10   Next: 26%
Magic:  23/23      EV:  5    Int: 12    God:    Makhleb [***...]
Gold:   508        SH: 11    Dex: 11    Spells: 14/15 levels left

rFire  + . .     SeeInvis .     v - +7 eveningstar of Upheaval {crush, Int+3 Stlth+}
rCold  . . .     Gourm    .     i - +0 plate armour
rNeg   + . .     Faith    .     c - +0 shield
rPois  ∞         Spirit   .     (no helmet)
rElec  +         Reflect  .     o - +0 cloak
rCorr  .         Harm     .     m - +0 pair of gloves
MR     .....                    s - +0 pair of boots
Stlth  ..........               (no amulet)
                                r - ring of magical power
                                e - ring of protection from fire

@: no status effects
A: negative energy resistance 1, electricity resistance, unbreathing,
petrification resistance, rot immunity, AC +7
a: Minor Destruction, Lesser Servant of Makhleb, Renounce Religion


You were on level 12 of the Dungeon.
You worshipped Makhleb.
Makhleb was most pleased with you.
You were hungry.

You visited 2 branches of the dungeon, and saw 11 of its levels.

You collected 508 gold pieces.

Inventory:

Hand Weapons
 v - the +7 eveningstar of Upheaval (weapon) {crush, Int+3 Stlth+}
   (You acquired it on level 7 of the Dungeon)

   It inflicts extra damage upon your enemies.
   It affects your intelligence (+3).
   It makes you more stealthy.
Armour
 c - a +0 shield (worn)
 i - a +0 plate armour (worn)
 m - a +0 pair of gloves (worn)
 o - a +0 cloak (worn)
 s - a +0 pair of boots (worn)
Jewellery
 e - a ring of protection from fire (left hand)
 r - a ring of magical power (right hand)
Scrolls
 a - a scroll of fear
 b - a scroll of enchant weapon
 d - 4 scrolls of remove curse
 j - a scroll of magic mapping
 l - 11 scrolls of identify
 n - 2 scrolls of amnesia
Potions
 g - a potion of flight
 p - a potion of cure mutation
 A - a potion of brilliance
Books
 k - a book of Conjurations

   Spells                             Type                      Level
   a - Magic Dart                     Conjuration                  1
   b - Searing Ray                    Conjuration                  2
   c - Dazzling Spray                 Conjuration/Hexes            3
   d - Fulminant Prism                Conjuration/Hexes            4
   e - Iskenderun's Mystic Blast      Conjuration                  4
   f - Iskenderun's Battlesphere      Conjuration/Charms           5
 q - a book of Necromancy

   Spells                             Type                      Level
   a - Pain                           Necromancy                   1
   b - Animate Skeleton               Necromancy                   1
   c - Vampiric Draining              Necromancy                   3
   d - Regeneration                   Charms/Necromancy            3
   e - Animate Dead                   Necromancy                   4
   f - Control Undead                 Necromancy                   4
 w - a book of Misfortune

   Spells                             Type                      Level
   a - Confusing Touch                Hexes                        1
   b - Confuse                        Hexes                        3
   c - Gell's Gravitas                Hexes/Translocation          3
   d - Petrify                        Transmutation/Earth          4
   e - Metabolic Englaciation         Hexes/Ice                    5
   f - Yara's Violent Unravelling     Hexes/Transmutation          5
 x - a Young Poisoner's Handbook

   Spells                             Type                      Level
   a - Sting                          Conjuration/Poison           1
   b - Mephitic Cloud                 Conjuration/Poison/Air       3
   c - Olgreb's Toxic Radiance        Poison                       4
   d - Alistair's Intoxication        Transmutation/Poison         5
   e - Venom Bolt                     Conjuration/Poison           5
Comestibles
 f - 13 bread rations
 h - 4 chunks of flesh
 t - a beef jerky
 z - a royal jelly


   Skills:
 * Level 7.4 Fighting
 * Level 8.1 Maces & Flails
 * Level 7.2 Armour
 - Level 1.7 Dodging
 - Level 0.2 Stealth
 * Level 8.0 Shields
 + Level 3.1 Spellcasting
 + Level 2.9 Necromancy


You had 14 spell levels left.
You knew the following spells:

 Your Spells              Type           Power        Failure   Level  Hunger
a - Animate Skeleton      Necr           N/A          100%        1    #......


Dungeon Overview and Level Annotations

Branches:
Dungeon (9/15)             Temple (1/1) D:5
   Lair: D:8-11         Orc: D:9-12

Altars:
Dithmenos
Fedhas
Gozag
Makhleb
Ru
Sif Muna
Xom
Yredelemnul
The Shining One

Annotations:
D:9 exclusion: orange crystal statue


Innate Abilities, Weirdness & Mutations

You are resistant to torment.
Your stone body is resilient. (AC +7)
You are immune to poison.
You resist negative energy. (rN+)
You are resistant to electric shocks. (rElec)
You can survive without breathing.
You are immune to petrification.
You are immune to rotting.


Message History

Unknown command.
You hit the stone giant but do no damage.
The stone giant is lightly wounded.
The stone giant hits you!
You thump the stone giant!
The stone giant is moderately wounded.
You block the stone giant's attack.
You puncture the stone giant!
The stone giant is moderately wounded.
You block the stone giant's attack.
You hit the stone giant but do no damage.
The stone giant is moderately wounded.
The stone giant hits you!!
* * * LOW HITPOINT WARNING * * *
You feel better.
The stone giant hits you but does no damage.
You bludgeon the stone giant!!
The stone giant is heavily wounded.
The stone giant hits you!!
You die...

####
#...##
#@#
+C#
#.#
.## #


You could see a stone giant.

Vanquished Creatures
  The ghost of bza the Carver, a novice VSGl of Elyvilon (D:8)
  The ghost of Winterlute the Arsonist, a novice DEFE of Vehumet (D:5)
  Sigmund (D:6)
  A spriggan (D:7)
  A hungry ghost (D:9)
  Menkaure (D:4)
  3 ice beasts
  4 orc warriors
  A black bear (D:8)
  3 ogres
  A big kobold (D:5)
  4 bullfrogs
  A wyvern skeleton (D:3)
  3 scorpions
  2 howler monkeys
  A bullfrog zombie (D:3)
  2 crimson imps
  2 jellies (D:9)
  A bullfrog skeleton (D:3)
  3 orc priests
  4 hounds
  An iguana (D:9)
  10 orc wizards
  3 worker ants
  Ijyb (D:4)
  2 hound zombies
  2 hound skeletons
  A worker ant zombie (D:6)
  4 gnolls
  10 adders
  2 shadow imps
  2 oozes (D:1)
  An adder skeleton (D:9)
  An adder zombie (D:5)
  2 worms
  3 dart slugs
  4 leopard geckos
  54 orcs
  5 giant cockroaches
  11 goblins
  4 hobgoblins
  21 jackals
  27 kobolds
  7 quokkas
  2 ball pythons
  12 bats
  4 frilled lizards
  A leopard gecko zombie (D:6)
  5 rats (D:1)
  5 plants
248 creatures vanquished.

Vanquished Creatures (others)
  3 plants (D:5)
3 creatures vanquished.

Grand Total: 251 creatures vanquished

Notes
Turn   | Place    | Note
-------+----------+-------------------------------------------
     0 | D:1      | JeffiDaFish the Gargoyle Fighter began the quest for the Orb.
     0 | D:1      | Reached XP level 1. HP: 14/14 MP: 1/1
    53 | D:1      | Gained mutation: Your muscles are strong. (Str +2) [potion of mutation]
    53 | D:1      | Gained mutation: You are robust. (+10% HP) [potion of mutation]
    53 | D:1      | Gained mutation: You have a somewhat thin skeletal structure. (Dex +2, Stealth) [potion of mutation]
   105 | D:1      | Reached XP level 2. HP: 20/20 MP: 2/2
   386 | D:1      | Reached XP level 3. HP: 26/26 MP: 3/3
   918 | D:2      | Found a shadowy altar of Dithmenos.
  1055 | D:2      | Lost mutation: Your muscles are strong. (Str +2) [potion of cure mutation]
  1055 | D:2      | Lost mutation: You are robust. (+10% HP) [potion of cure mutation]
  1055 | D:2      | Lost mutation: You have a somewhat thin skeletal structure. (Dex +2, Stealth) [potion of cure mutation]
  1181 | D:2      | Reached XP level 4. HP: 27/29 MP: 4/4
  1724 | D:3      | Reached skill level 1 in Dodging
  1724 | D:3      | Reached XP level 5. HP: 23/33 MP: 5/5
  1906 | D:3      | Noticed an ice beast
  1925 | D:3      | HP: 1/33 [ice beast (11)]
  1928 | D:3      | Killed an ice beast
  1928 | D:3      | Reached XP level 6. HP: 1/38 MP: 6/6
  2650 | D:3      | Reached skill level 5 in Maces & Flails
  2650 | D:3      | Reached XP level 7. HP: 43/44 MP: 7/7
  2967 | D:4      | Noticed Ijyb
  2976 | D:4      | Killed Ijyb
  3046 | D:4      | Noticed Menkaure
  3053 | D:4      | Killed Menkaure
  3053 | D:4      | Reached skill level 5 in Shields
  3476 | D:4      | Learned a level 1 spell: Animate Skeleton
  3839 | D:5      | Entered Level 5 of the Dungeon
  3998 | D:5      | Found a staircase to the Ecumenical Temple.
  4004 | Temple   | Entered the Ecumenical Temple
  4076 | Temple   | Became a worshipper of Makhleb the Destroyer
  4154 | D:5      | Reached XP level 8. HP: 9/48 MP: 8/8
  4779 | D:5      | Noticed Winterlute's ghost (novice DEFE)
  4826 | D:5      | Killed Winterlute's ghost
  4826 | D:5      | Reached skill level 5 in Fighting
  4826 | D:5      | Reached skill level 5 in Armour
  4826 | D:5      | Reached skill level 1 in Spellcasting
  4826 | D:5      | Reached skill level 1 in Necromancy
  4835 | D:5      | Reached * piety under Makhleb
  5856 | D:6      | Noticed Sigmund
  5876 | D:6      | Killed Sigmund
  5876 | D:6      | Reached XP level 9. HP: 52/55 MP: 11/11
  6717 | D:7      | Identified a scroll of acquirement
  6718 | D:7      | Got a dazzling eveningstar
  6719 | D:7      | Identified the +7 eveningstar of Upheaval {crush, Int+3 Stlth+} (You acquired it on level 7 of the Dungeon)
  7060 | D:8      | Reached ** piety under Makhleb
  7522 | D:8      | Noticed bza's ghost (novice VSGl)
  7531 | D:8      | Killed bza's ghost
  7664 | D:8      | Reached XP level 10. HP: 61/63 MP: 14/14
  7712 | D:8      | Reached *** piety under Makhleb
  8174 | D:9      | Noticed an orange crystal statue
  8228 | D:9      | You fall through a shaft for 3 floors!
  8228 | D:12     | Noticed a stone giant
  8241 | D:12     | Mangled by a stone giant

Vault maps used:
D:1:      dpeg_arrival_ratfight, serial_bayou_pond_c
D:2:      lemuel_upstairs_altar, kennysheep_doodads,
          grunt_dithmenos_smoke_and_mirrors
D:4:      kennysheep_goblin_castle, serial_co_window_serial, co_window_paths_a,
          co_window_corner_a, co_window_corner_a, co_window_corner_a,
          co_window_paths_a, co_window_paths_a, co_window_broadway_b,
          co_window_broadway_a, co_window_broadway_c, glass_columns_a,
          first_bread, uniq_menkaure
D:5:      kennysheep_kobold_camp
D:6:      serial_corexii_hall, corexii_hall_statues_i, corexii_hall_statues_s,
          corexii_hall_statues_i, kennysheep_diamond, hangedman_decor_riveting,
          uniq_sigmund
D:7:      the_bakery
D:8:      special_room
D:9:      minivault_16
D:12:     orc_0_dummy, basic_altar, kennysheep_just_a_vault
Temple:   roderic_octagonal_lattice_temple

Skill      XL: |  1  2  3  4  5  6  7  8  9 10 |
---------------+-------------------------------+-----
Maces & Flails | 3 4 5 6 7 8 |  8.1
Shields        | 4 5 6 7 8 |  8.0
Fighting       | 4 6 7 |  7.4
Dodging        | 1 |  1.7
Armour         | 4 5 6 7 |  7.2
Spellcasting   | 1 2 3 |  3.1
Necromancy     | 1 2 |  2.9
Stealth        | |  0.2

Action                   |  1- 3 |  4- 6 |  7- 9 | 10-12 || total
-------------------------+-------+-------+-------+-------++-------
Melee: Flail             |   149 |   161 |   420 |       ||   730
       Unarmed           |       |       |     2 |       ||     2
       Eveningstar       |       |       |    85 |    97 ||   182
  Use: Potion            |     5 |       |     7 |     1 ||    13
       Scroll            |     7 |     4 |     4 |       ||    15
  Eat: Chunk             |     1 |     5 |    13 |     5 ||    24
       Pizza             |       |       |     1 |       ||     1
       Beef jerky        |       |       |     2 |       ||     2
Armor: Scale mail        |    83 |    90 |   133 |       ||   306
       Plate armour      |       |       |    40 |    53 ||    93
       Chain mail        |       |       |    25 |       ||    25
Dodge: Dodged            |    61 |    46 |   130 |    16 ||   253
Block: Shield            |    85 |    80 |   220 |    46 ||   431
